 Dungeon Crawl Stone Soup version 0.21.1-1-g345015f (webtiles) character file.

511 4thArraOfDagon the Grave Robber (level 7, 0/50 HPs)
             Began as a Gnoll Necromancer on June 8, 2018.
             Slain by a killer bee zombie (5 damage)
             ... on level 7 of the Dungeon.
             The game lasted 00:06:04 (813 turns).

4thArraOfDagon the Grave Robber (Gnoll Necromancer)  Turns: 813, Time: 00:06:05

Health: 0/50       AC:  2    Str: 11    XL:     7   Next: 19%
Magic:  0/15       EV: 15    Int: 19    God:
Gold:   64         SH:  0    Dex: 15    Spells: 5/17 levels left

rFire    x . .     SeeInvis .     - Unarmed
rCold    + . .     Gourm    .   (no shield)
rNeg     + . .     Faith    .   a - +0 robe
rPois    .         Spirit   .   (no helmet)
rElec    .         Reflect  .   (no cloak)
rCorr    .         Harm     .   (no gloves)
MR       .....                  (no boots)
Stlth    +++.......             (no amulet)
HPRegen  0.16/turn              i - ring of positive energy
MPRegen  0.14/turn              j - ring of ice

@: very slightly contaminated
A: distributed training, fangs 1, strong nose
a: no special abilities


You were on level 7 of the Dungeon.
You were not hungry.

You visited 1 branch of the dungeon, and saw 7 of its levels.

You collected 64 gold pieces.

Inventory:

Armour
 a - a +0 robe (worn)
 n - a +0 helmet
Jewellery
 i - a ring of positive energy (left hand)
 j - a ring of ice (right hand)
Wands
 e - a wand of flame (1)
 k - a wand of paralysis (7)
Scrolls
 m - a scroll of enchant armour {unknown}
Potions
 d - a potion of haste {unknown}
 f - a potion of flight {unknown}
 g - a potion of magic {unknown}
 h - a potion of degeneration {unknown}
 l - a potion of brilliance {unknown}
 o - a potion of mutation {unknown}
Books
 b - a book of Necromancy

   Spells                             Type                      Level
   a - Pain                           Necromancy                   1
   b - Animate Skeleton               Necromancy                   1
   c - Vampiric Draining              Necromancy                   3
   d - Regeneration                   Charms/Necromancy            3
   e - Animate Dead                   Necromancy                   4
   f - Borgnjor's Vile Clutch         Necromancy/Earth             5
Comestibles
 c - 2 rations
 p - 3 chunks of flesh


   Skills:
 + Level 2.3 Fighting
 + Level 2.3 Short Blades
 + Level 2.3 Long Blades
 + Level 2.3 Axes
 + Level 2.3 Maces & Flails
 + Level 2.3 Polearms
 + Level 2.3 Staves
 + Level 2.3 Slings
 + Level 2.3 Bows
 + Level 2.3 Crossbows
 + Level 2.3 Throwing
 + Level 2.3 Armour
 + Level 5.1 Dodging
 + Level 4.8 Stealth
 + Level 2.3 Shields
 + Level 2.3 Unarmed Combat
 + Level 5.5 Spellcasting
 + Level 1.8 Conjurations
 + Level 1.8 Hexes
 + Level 1.8 Charms
 + Level 1.8 Summonings
 + Level 7.3 Necromancy
 + Level 1.8 Translocations
 + Level 1.8 Transmutations
 + Level 1.8 Fire Magic
 + Level 1.8 Ice Magic
 + Level 1.8 Air Magic
 + Level 1.8 Earth Magic
 + Level 1.8 Poison Magic
 + Level 2.5 Invocations
 + Level 2.3 Evocations


You had 5 spell levels left.
You knew the following spells:

 Your Spells              Type           Power        Failure   Level  Hunger
a - Pain                  Necr           ####         1%          1    None
b - Regeneration          Chrm/Necr      ###.......   5%          3    ##.....
c - Borgnjor's Vile Clut  Necr/Erth      ###.......   43%         5    #####..
d - Vampiric Draining     Necr           ####......   1%          3    ##.....


Dungeon Overview and Level Annotations

Branches:
Dungeon (7/15)
 Temple: D:4-7

Altars:
Nemelex Xobeh
Trog

Shops:
D:5 *

Annotations:
D:3 1 transporter


Innate Abilities, Weirdness & Mutations

Your experience applies equally to all skills.
You have very sharp teeth.
Your uncanny sense of smell can sniff out nearby items.


Message History

The bullfrog misses you.
Found a cloak.
You see here 2 gold pieces.
The killer bee zombie barely misses you.
Unknown command.
Casting: Vampiric Draining
Confirm with . or Enter, or press ? or * to list all spells.
Okay, then.
Casting: Vampiric Draining
Confirm with . or Enter, or press ? or * to list all spells.
The spell is very dangerous to cast!
Continue anyway?
Aiming: Borgnjor's Vile Clutch
Press: ? - help, Dir - move target cursor, f - killer bee zombie
Aim: a killer bee zombie You miscast Borgnjor's Vile Clutch.
You are very lightly contaminated with residual magic.
You convulse helplessly as pain tears through your body!
* * * LOW HITPOINT WARNING * * *
The killer bee zombie hits you.
You die...

.. ## ... [# .. ..#
.# # #.##.# .#
#.#....# .#
########.#.##.# .#
#.....##.#.##.##.#
#.....##......@ZF#
##.....##......####
#.......#.#..#.#
#.......#.#.#..#
#.##.##.#....#.#
#.##...<<......#
##.#####.#.##.#.#
.........#......#
.......)......###


You could see a bullfrog and a killer bee zombie.

Vanquished Creatures
  A centaur (D:7)
  An ogre (D:7)
  Blork the orc (D:5)
  2 bullfrogs (D:7)
  A bullfrog skeleton (D:5)
  2 iguanas
  2 worker ants (D:5)
  A hound skeleton (D:5)
  3 adders
  A ball python (D:5)
  A goblin (D:3)
  A quokka (D:7)
  A rat (D:2)
18 creatures vanquished.

Notes
Turn   | Place    | Note
-------+----------+-------------------------------------------
     0 | D:1      | 4thArraOfDagon the Gnoll Necromancer began the quest for the Orb.
     0 | D:1      | Reached XP level 1. HP: 13/13 MP: 6/6
   109 | D:3      | Found a transporter.
   163 | D:5      | Entered Level 5 of the Dungeon
   183 | D:5      | Noticed Blork the orc
   198 | D:5      | Killed Blork the orc
   198 | D:5      | Reached skill level 1 in Fighting
   198 | D:5      | Reached skill level 1 in Short Blades
   198 | D:5      | Reached skill level 1 in Long Blades
   198 | D:5      | Reached skill level 1 in Axes
   198 | D:5      | Reached skill level 1 in Maces & Flails
   198 | D:5      | Reached skill level 1 in Polearms
   198 | D:5      | Reached skill level 1 in Staves
   198 | D:5      | Reached skill level 1 in Slings
   198 | D:5      | Reached skill level 1 in Bows
   198 | D:5      | Reached skill level 1 in Crossbows
   198 | D:5      | Reached skill level 1 in Throwing
   198 | D:5      | Reached skill level 1 in Armour
   198 | D:5      | Reached skill level 1 in Shields
   198 | D:5      | Reached skill level 1 in Unarmed Combat
   198 | D:5      | Reached skill level 5 in Spellcasting
   198 | D:5      | Reached skill level 1 in Invocations
   198 | D:5      | Reached skill level 1 in Evocations
   198 | D:5      | Reached XP level 2. HP: 21/21 MP: 8/8
   198 | D:5      | Reached XP level 3. HP: 26/26 MP: 9/9
   198 | D:5      | Reached XP level 4. HP: 32/32 MP: 11/11
   203 | D:5      | Learned a level 3 spell: Regeneration
   218 | D:5      | Reached skill level 1 in Conjurations
   218 | D:5      | Reached skill level 1 in Hexes
   218 | D:5      | Reached skill level 1 in Charms
   218 | D:5      | Reached skill level 1 in Summonings
   218 | D:5      | Reached skill level 1 in Translocations
   218 | D:5      | Reached skill level 1 in Transmutations
   218 | D:5      | Reached skill level 1 in Fire Magic
   218 | D:5      | Reached skill level 1 in Ice Magic
   218 | D:5      | Reached skill level 1 in Air Magic
   218 | D:5      | Reached skill level 1 in Earth Magic
   218 | D:5      | Reached skill level 1 in Poison Magic
   222 | D:5      | Reached XP level 5. HP: 37/37 MP: 10/12
   393 | D:5      | Found a bloodstained altar of Trog.
   404 | D:5      | Sergey: good morning
   451 | D:5      | Learned a level 5 spell: Borgnjor's Vile Clutch
   451 | D:5      | 4thArraOfDagon: heyu
   484 | D:5      | Sergey: for what tc are you aiming ?
   492 | D:5      | Found Ecricukh's Assorted Antiques.
   612 | D:6      | Noticed an ice beast
   664 | D:6      | Found a sparkling altar of Nemelex Xobeh.
   679 | D:7      | Noticed an ogre
   699 | D:7      | Killed an ogre
   699 | D:7      | Reached XP level 6. HP: 27/44 MP: 10/14
   704 | D:7      | Learned a level 3 spell: Vampiric Draining
   742 | D:7      | Reached skill level 5 in Dodging
   760 | D:7      | Reached XP level 7. HP: 14/50 MP: 0/15
   813 | D:7      | Slain by a killer bee zombie

Skill      XL: |  1  2  3  4  5  6 |
---------------+-------------------+-----
Fighting       | 1 2 |  2.3
Short Blades   | 1 2 |  2.3
Long Blades    | 1 2 |  2.3
Axes           | 1 2 |  2.3
Maces & Flails | 1 2 |  2.3
Polearms       | 1 2 |  2.3
Staves         | 1 2 |  2.3
Slings         | 1 2 |  2.3
Bows           | 1 2 |  2.3
Crossbows      | 1 2 |  2.3
Throwing       | 1 2 |  2.3
Armour         | 1 2 |  2.3
Shields        | 1 2 |  2.3
Unarmed Combat | 1 2 |  2.3
Spellcasting   | 5 |  5.5
Invocations    | 1 2 |  2.5
Evocations     | 1 2 |  2.3
Conjurations   | 1 |  1.8
Hexes          | 1 |  1.8
Charms         | 1 |  1.8
Summonings     | 1 |  1.8
Translocations | 1 |  1.8
Transmutations | 1 |  1.8
Fire Magic     | 1 |  1.8
Ice Magic      | 1 |  1.8
Air Magic      | 1 |  1.8
Earth Magic    | 1 |  1.8
Poison Magic   | 1 |  1.8
Dodging        | 5 |  5.1
Stealth        | |  4.8
Necromancy     | |  7.3

Action                   |  1- 3 |  4- 6 |  7- 9 || total
-------------------------+-------+-------+-------++-------
Melee: Unarmed           |     9 |    64 |     7 ||    80
       Bite              |       |     5 |     4 ||     9
 Cast: Pain              |     4 |     2 |       ||     6
       Regeneration      |       |    10 |       ||    10
       Vampiric Draining |       |     3 |     1 ||     4
       Borgnjor's Vile C |       |     1 |       ||     1
Evoke: Wand              |       |    22 |     1 ||    23
  Use: Scroll            |     2 |       |       ||     2
       Potion            |     1 |       |       ||     1
 Stab: Sleeping          |     1 |       |       ||     1
       Paralysed         |       |    16 |     7 ||    23
  Eat: Chunk             |       |       |     1 ||     1
Armor: Skin              |     5 |     9 |       ||    14
       Robe              |     2 |     3 |       ||     5
Dodge: Dodged            |    11 |    48 |     4 ||    63
